 Dungeon Crawl Stone Soup version 0.26-a0-1213-gd52f5182fe (webtiles) character file.

Game seed: 16860506168580960907

23 sokol815 the Slasher (level 2, -1/19 HPs)
             Began as an Octopode Gladiator on Dec 30, 2020.
             Hit by a goblin thrown by Robin (2 damage)
             ... on level 2 of the Dungeon.
             The game lasted 00:01:55 (837 turns).

sokol815 the Slasher (Octopode Gladiator)            Turns: 837, Time: 00:01:55

Health: -1/19      AC:  1    Str: 13    XL:     2   Next: 95%
Magic:  2/2        EV: 14    Int: 10    God:
Gold:   90         SH:  0    Dex: 13    Spells: 1/1 levels left

rFire    . . .     SeeInvis .   a - +0 long sword
rCold    . . .     Faith    .   (no shield)
rNeg     . . .     Spirit   .   b - +0 hat
rPois    .         Reflect  .   h - amulet of regeneration {+regen, !d}
rElec    .         Harm     .   (no ring)
rCorr    .         Rampage  .   (no ring)
Will     .....                  (no ring)
Stlth    +++.......             (no ring)
HPRegen  0.46/turn              (no ring)
MPRegen  0.08/turn              (no ring)
                                (no ring)
                                (no ring)

@: mighty
A: almost no armour, stealthy swim, amphibious, 8 rings, constrict 8, camouflage
1, gelatinous body 1
a: no special abilities


You were on level 2 of the Dungeon.
You visited 1 branch of the dungeon, and saw 2 of its levels.

You collected 90 gold pieces.

Inventory:

Hand Weapons
 a - a +0 long sword (weapon)
Missiles
 c - 3 throwing nets {=f, !d}
 d - 23 stones (quivered)
Armour
 b - a +0 hat (worn)
Jewellery
 h - an amulet of regeneration (around mantle) {+regen, !d}
   (You found it on level 1 of the Dungeon)
Scrolls
 e - a scroll of amnesia {unknown}
 f - a scroll of remove curse
 g - a scroll of fog {unknown}
 j - a scroll of immolation {unknown}
 n - a scroll of identify {unknown}
Potions
 i - a potion of lignification {unknown}
 k - a potion of brilliance {unknown}


   Skills:
 - Level 2.0 Fighting
 + Level 3.3 Long Blades
 - Level 2.0 Throwing
 - Level 3.0 Dodging
 * Level 3.0 Stealth


You had one spell level left.
You didn't know any spells.
Your spell library contained the following spells:

 Spells                   Type           Power        Failure   Level
 Beastly Appendage        Tmut           0%           36%         1
 Wereblood                Tmut           0%           50%         2
 Spider Form              Tmut/Pois      0%           75%         3
 Ice Form                 Ice/Tmut       0%           98%         4
 Blade Hands              Tmut           0%           100%        5


Dungeon Overview and Level Annotations

Branches:
Dungeon (2/15)

Altars:
Uskayaw

Annotations:
D:2 Robin, Sigmund


Innate Abilities, Weirdness & Mutations

You cannot wear most types of armour.
You are very stealthy in the water. (Stealth+)
You are amphibious.
You can wear up to eight rings at the same time.
You can use your tentacles to constrict eight enemies at once.
Your skin changes colour to match your surroundings (Stealth+).
Your rubbery body absorbs attacks. (AC +1, EV +1)


Message History

d - 24 stones (gained 1)
d - 25 stones (gained 1)
You now have 83 gold pieces (gained 10).
n - a scroll labelled TIOREXISMO You now have 90 gold pieces (gained 7).
A quokka comes into view.
You throw a stone.
The stone hits the quokka but does no damage.
You throw a stone. The stone closely misses the quokka.
You closely miss the quokka. Your grab misses the quokka.
Your squeeze misses the quokka. The quokka misses you.
The quokka closely misses you.
You riposte.
You hit the quokka. Your grab misses the quokka. You squeeze the quokka.
You kill the quokka!
Your Stealth skill increases to level 3!
No target in view!
No target in view!
You see here a quokka corpse.
Sigmund the Dreaded comes into view.
He is wielding a +0 scythe.
You see here a stone.
Okay, then.
You see here a stone.
A kobold comes into view. It is wielding a +0 club.
Sigmund shouts!
You see here a book of Changes.
You pick up a book of Changes and begin reading...
You add the spells Beastly Appendage, Wereblood, Spider Form, Ice Form and Blade Hands to your library.
Sigmund barely misses you. Sigmund barely misses you.
The kobold shouts!
You hear an angry hiss.
You hear a shout!
The kobold throws a stone.
The stone misses you.
An adder comes into view.
The kobold throws a stone.
The stone misses you.
Found a scroll labelled MAH XIOLIBAIMN.
Found an escape hatch in the floor.
You see here a stone.
A worm comes into view.
Found a stone staircase leading down.
Sigmund points at you and mumbles some strange words.
The magic dart hits you!
You take 9 damage, and have 10/19 hp.
MASSIVE DAMAGE!! 2 goblins come into view.
The goblin shouts! x2; You hear a shout! x2
A hobgoblin comes into view. It is wielding a +0 club.
A goblin comes into view.
The goblin wields a +0 hunting sling.
The goblin shoots a stone.
The stone hits you.
A goblin comes into view.
You hear a shout!
You see here a stone. 3 goblins and Robin come into view.
A goblin comes into view. It is wielding a +0 dagger.
Sigmund says, "Look into my eyes."
Sigmund casts a spell at you.
You are confused.
The goblin shoots a stone.
The stone closely misses you.
The goblin shouts!
Found 12 gold pieces.
Found a stone staircase leading up.
You see here a stone.
It was a potion of might.
You feel very mighty all of a sudden.
The goblin shouts!
You hear a shout!
Robin roars a battlecry!
The goblins go into a battle-frenzy!
Sigmund casts a spell at you. The magic dart hits you.
* * * LOW HITPOINT WARNING * * *
You take 5 damage, and have 5/19 hp.
MASSIVE DAMAGE!!
You bump into the rock wall.
Robin throws the goblin at you! The goblin misses you.
A goblin comes into view.
The goblin shoots a stone.
The stone hits you.
* * * LOW HITPOINT WARNING * * *
The goblin wields a +0 hunting sling.
The goblin shoots a stone.
The stone hits you but does no damage.
You take 4 damage, and have 1/19 hp.
MASSIVE DAMAGE!!
Unknown command.
It was a potion of curing.
You feel better. Robin throws the goblin at you! The goblin misses you.
The goblin hits you with a +0 dagger.
* * * LOW HITPOINT WARNING * * *
The goblin hits you.
* * * LOW HITPOINT WARNING * * *
As you read the scroll labelled XAOLUR URORR, it crumbles to dust.
You feel blessed for a moment.
It was a scroll of remove curse.
The goblin misses you.
You riposte.
The hobgoblin shouts!
The goblin shouts!
You hit the goblin.
You kill the goblin!
The goblin misses you. The goblin barely misses you.
You barely miss the goblin. You grab the goblin. You constrict the goblin.
The goblin closely misses you.
You riposte.
You hit the goblin.
You kill the goblin!
The goblin hits you.
* * * LOW HITPOINT WARNING * * *
The goblin closely misses you.
You riposte.
You slash the goblin!
You kill the goblin!
Robin throws the goblin at you!
You die...

#.##<........###
........#...............
........##...........###
...........#.......>.###
..g.....##.#.........†..
...$g..>## #............
....................
...........#.....#####
.........##......#
.........##...?..#


You could see Sigmund, Robin, an adder, a hobgoblin (strong), 6 goblins and a
kobold.

Vanquished Creatures
  An ooze (D:1)
  A giant cockroach (D:2)
  5 goblins
  2 hobgoblins (D:1)
  2 quokkas (D:2)
  2 bats (D:1)
  4 kobolds (D:1)
  3 rats
20 creatures vanquished.

Notes
Turn   | Place    | Note
-------+----------+-------------------------------------------
     0 | D:1      | sokol815 the Octopode Gladiator began the quest for the
                  | Orb.
     0 | D:1      | Reached XP level 1. HP: 14/14 MP: 1/1
   111 | D:1      | Reached skill level 1 in Stealth
   121 | D:1      | Reached XP level 2. HP: 13/19 MP: 2/2
   222 | D:1      | Reached skill level 2 in Stealth
   634 | D:2      | Found a hide-covered altar of Uskayaw.
   821 | D:2      | Reached skill level 3 in Stealth
   822 | D:2      | Noticed Sigmund
   832 | D:2      | Noticed Robin
   834 | D:2      | HP: 1/19 [goblin/stone[Robin] (5)]
   837 | D:2      | Hit by a goblin thrown by Robin

Illustrated notes

Levels and vault maps discovered:
D:1:      dpeg_arrival_arbitrary_a, layout_rooms, minmay_misc_feat_square,
          chequers_serial_rivers_room_a
D:2:      layout_rooms, lightli_temple_of_fire, eat_drink_and_be_merry_uskayaw,
          uniq_robin, uniq_sigmund

Skill      XL: |  1  2 |
---------------+-------+-----
Stealth        | 1 3 |  3.0
Fighting       | |  2.0
Long Blades    | |  3.3
Throwing       | |  2.0
Dodging        | |  3.0

Action                   || total
-------------------------++-------
Melee: Long sword        ||    19
       Tentacles         ||     4
       Constrict         ||     6
Throw: Stone             ||    56
  Use: Potion            ||     2
       Scroll            ||     1
Armor: Skin              ||     2
Dodge: Dodged            ||    21
       Rpst.: Long sword ||     5

Table legend: (Time is in decaauts)
 A = Elapsed time spent in this place.
 B = Non-inter-level travel time spent in this place.
 C = Inter-level travel time spent in this place.
 D = Time resting spent in this place.
 E = Time spent auto-exploring this place.
 F = Levels seen in this place.
 G = Mean time per level.
                   A        B        C        D        E       F      G
               +--------+--------+--------+--------+--------+-----+--------+
         Total |    841 |    824 |     17 |     93 |    591 |   2 |  420.5 |
       Dungeon |    841 |    824 |     17 |     93 |    591 |   2 |  420.5 |
               +--------+--------+--------+--------+--------+-----+--------+

Top non-repeatable levels by time:
     D:1: 624 daAuts
     D:2: 216 daAuts

Table legend:
 A = Kills in this place as a percentage of kills in entire the game.
 B = Kills by you in this place as a percentage of kills by you in the entire game.
 C = Kills by friends in this place as a percentage of kills by friends in the entire game.
 D = Other kills in this place as a percentage of other kills in the entire game.
 E = Experience gained in this place as a percentage of experience gained in the entire game.
 F = Experience gained in this place divided by the number of levels of this place that you have seen.
                   A       B       C       D       E      F
               +-------+-------+-------+-------+-------+----------------------
         Total | 100.0 | 100.0 |   N/A |   N/A | 100.0 |  18.0
       Dungeon | 100.0 | 100.0 |   N/A |   N/A | 100.0 |  18.0
               +-------+-------+-------+-------+-------+----------------------
